 Dungeon Crawl Stone Soup version 0.27-a0-1196-g3e9cee4cb2 (webtiles) character file.

Game seed: 5670631252912603627

56 pilgrim the Shooter (level 3, -2/21 HPs)
             Began as a Deep Elf Hunter on May 28, 2021.
             Frozen to death by an endoplasm (5 damage)
             ... on level 2 of the Dungeon.
             The game lasted 00:07:13 (1896 turns).

pilgrim the Shooter (Deep Elf Hunter)               Turns: 1896, Time: 00:07:13

Health: -2/21      AC:  4    Str: 10    XL:     3   Next: 69%
Magic:  5/5        EV: 12    Int: 15    God:
Gold:   33         SH:  0    Dex: 15    Spells: 2/2 levels left

rFire    . . .     SeeInvis .   b - +0 short sword
rCold    . . .     Faith    .   (no shield)
rNeg     . . .     Spirit   .   c - +0 leather armour
rPois    .         Reflect  .   (no helmet)
rElec    .         Harm     .   (no cloak)
rCorr    .         Rampage  .   (no gloves)
Will     .....                  g - +0 pair of boots
Stlth    ++........             (no amulet)
HPRegen  0.07/turn              (no ring)
MPRegen  0.09/turn              (no ring)

@: mighty, attractive, hasted, very quick
A: no striking features
a: no special abilities


You were on level 2 of the Dungeon.
You visited 1 branch of the dungeon, and saw 3 of its levels.

You collected 33 gold pieces.

Inventory:

Hand Weapons
 a - a +1 shortbow
 b - a +0 short sword (weapon)
Armour
 c - a +0 leather armour (worn)
 g - a +0 pair of boots (worn)
Jewellery
 h - a ring of ice
Scrolls
 j - 2 scrolls of identify {unknown}


   Skills:
 + Level 2.1 Fighting
 + Level 5.8 Bows
 + Level 3.2 Dodging
 + Level 2.5 Stealth


You had 2 spell levels left.
You didn't know any spells.
Your spell library was empty.

Dungeon Overview and Level Annotations

Branches:
Dungeon (3/15)

Altars:

Shops:
D:1 *


Message History

The goblin is severely wounded.
The goblin hits you with a +0 dagger.
* * * LOW HITPOINT WARNING * * *
You hit the goblin but do no damage.
The goblin is severely wounded.
The goblin hits you but does no damage.
You barely miss the goblin.
The goblin is severely wounded.
A goblin comes into view. It is wielding a +0 club.
The goblin hits you but does no damage.
You barely miss the goblin.
The goblin is severely wounded.
The goblin hits you with a +0 dagger.
* * * LOW HITPOINT WARNING * * *
A goblin comes into view. It is wielding a +0 club.
It was a potion of haste.
You feel yourself speed up. The goblin completely misses you.
A goblin comes into view. It is wielding a +0 club.
An endoplasm comes into view.
You see here 16 gold pieces.
The endoplasm quivers.
The endoplasm misses you. The endoplasm barely misses you.
A ball python comes into view.
The ball python hisses angrily.
Found 10 gold pieces.
It was a potion of might.
You feel very mighty all of a sudden.
It was a potion of attraction.
You feel attractive to monsters. The ball python is pulled toward you!
The endoplasm is pulled toward you! The goblin is pulled toward you!
Hit: b) +0 short sword
Press: ? - help, Dir - move target, f - ball python
Aim: a ball python (about 42% to evade your +0 short sword)
You puncture the ball python!
You kill the ball python!
The endoplasm freezes you.
You are frozen.
You die...

# #.....# #
#..$g.# #
#....g# #.....#
#...g.##########
#.....#........#
.# #.
#.....#........#
.. #.
#.....#........#
.##.
#......gJ@.....#
..#.
#######........#
#.#) #.########
#.#. #.# #.#.
..# #... ...#
##########..
#...#
#.....(.##..
#.$.#
#.......##.>
#..)....####


You could see an endoplasm and a goblin.

Vanquished Creatures
  2 adders
  2 dart slugs (D:1)
  An endoplasm (D:1)
  A giant cockroach (D:3)
  8 goblins (D:2)
  3 hobgoblins
  3 jackals (D:1)
  A quokka (D:2)
  2 ball pythons (D:2)
  3 bats
  2 frilled lizards
  3 kobolds
  A rat (D:1)
32 creatures vanquished.

Notes
Turn   | Place    | Note
-------+----------+-------------------------------------------
     0 | D:1      | pilgrim the Deep Elf Hunter began the quest for the Orb.
     0 | D:1      | Reached XP level 1. HP: 12/12 MP: 3/3
   127 | D:1      | Found Toujuc's Assorted Antiques.
   543 | D:1      | Reached XP level 2. HP: 17/17 MP: 4/4
  1253 | D:2      | You fall into a shaft and drop 1 floor!
  1331 | D:3      | Reached XP level 3. HP: 1/21 MP: 5/5
  1896 | D:2      | Frozen to death by an endoplasm

Illustrated notes

Levels and vault maps discovered:
D:1:      onia_arrival_pentagram, layout_basic, serial_shops,
          nicolae_shop_waterfront
D:2:      layout_basic, serial_shops, nicolae_shop_trees, uniq_robin
D:3:      layout_basic, hellmonk_ecumenical_altar_run_dry, minmay_vboxes,
          uniq_jessica

Skill      XL: |  1  2 |
---------------+-------+-----
Stealth        | 2 |  2.5
Fighting       | 2 |  2.1
Dodging        | 3 |  3.2
Bows           | |  5.8

Action                   || total
-------------------------++-------
Melee: Short sword       ||    38
 Fire: Shortbow          ||    73
  Use: Potion            ||     3
Armor: Leather armour    ||    30
Dodge: Dodged            ||    75

Table legend: (Time is in decaauts)
 A = Elapsed time spent in this place.
 B = Non-inter-level travel time spent in this place.
 C = Inter-level travel time spent in this place.
 D = Time resting spent in this place.
 E = Time spent auto-exploring this place.
 F = Levels seen in this place.
 G = Mean time per level.
                   A        B        C        D        E       F      G
               +--------+--------+--------+--------+--------+-----+--------+
         Total |   1890 |   1875 |     15 |      0 |   1514 |   3 |  630.0 |
       Dungeon |   1890 |   1875 |     15 |      0 |   1514 |   3 |  630.0 |
               +--------+--------+--------+--------+--------+-----+--------+

Top non-repeatable levels by time:
     D:1: 1041 daAuts
     D:2: 614 daAuts
     D:3: 234 daAuts
